 Dungeon Sprint DCSS version 0.30-a0-172-gc5509c9e31 (webtiles) character file.

Game seed: 12350910919876381719

4204 hellse the Unseen (level 10, 50/55 HPs)
             Began as a Spriggan Enchanter on Oct 1, 2022.
             Quit the game in the Dungeon (Sprint IX: "|||||||||||||||||||||||||||||").
             The game lasted 00:04:16 (1005 turns).

hellse the Unseen (Spriggan Enchanter)              Turns: 1005, Time: 00:04:16

Health: 50/55      AC:  6    Str:  4    XL:     10   Next: 8%
Magic:  17/24      EV: 17    Int: 20    God:
Gold:   15         SH:  0    Dex: 17    Spells: 19/27 levels left

rFire   . . .      SeeInvis +    a - +1 dagger
rCold   . . .      Faith    .    (no shield)
rNeg    . . .      Spirit   .    b - +0 robe
rPois   .          Reflect  .    (helmet restricted)
rElec   .          Harm     .    (no cloak)
rCorr   .          Rampage  .    (gloves unavailable)
Will    +....      NoTele   +    (boots unavailable)
Stlth   +++++++...               (no amulet)
HPRegen 0.29/turn                k - +2 ring of protection
MPRegen 0.19/turn                l - +2 ring of protection

@: very quick
A: very small, no large weapons, unfitting armour, see invisible, speed 3
a: no special abilities


You were in the Dungeon.
You visited 1 branch You collected 15 gold pieces.

Inventory:

Hand Weapons
 a - a +1 dagger (weapon)
Armour
 b - a +0 robe (worn)
Jewellery
 k - a +2 ring of protection (left hand)
 l - a +2 ring of protection (right hand)
Wands
 j - a wand of light (7)
Scrolls
 h - 2 scrolls of amnesia
 i - 3 scrolls of blinking
 m - a scroll of butterflies
 n - 2 scrolls of identify
Potions
 c - 3 potions of invisibility
 d - 5 potions of curing
 e - 11 potions of heal wounds
 f - 2 potions of haste
 g - 4 potions of magic


   Skills:
 - Level 7.1 Fighting
 - Level 11.7 Short Blades
 - Level 2.6 Dodging
 - Level 18.8 Stealth
 - Level 9.0 Spellcasting
 + Level 13.2 Hexes
 + Level 7.1 Ice Magic


You had 19 spell levels left.
You knew the following spells:

 Your Spells              Type           Power      Damage    Failure   Level
a - Ensorcelled Hibernat  Hex/Ice        98%        N/A       1%          2
b - Dazzling Flash        Conj/Hex       70%        N/A       1%          3
c - Confusing Touch       Hex            58%        N/A       1%          3

Your spell library contained the following spells:

 Spells                   Type           Power      Damage    Failure   Level
 Tukima's Dance           Hex            58%        N/A       1%          3


Dungeon Overview and Level Annotations

Branches:
Dungeon (1/1)

Altars:
Cheibriados
Dithmenos
Elyvilon
Fedhas
Gozag
Hepliaklqana
Kikubaaqudgha
Makhleb
Nemelex Xobeh
Okawaru
Qazlal
Ru
Sif Muna
Trog
Uskayaw
Vehumet
Wu Jian
Xom
Yredelemnul
Zin
The Shining One
Jiyva
Lugonu


Innate Abilities, Weirdness & Mutations

You are very small and have problems with some larger weapons.
You are too small for most types of armour.
You have supernaturally acute eyesight. (SInv)
You cover ground extremely quickly. (Speed+++)


Message History

Aim: a komodo dragon (chance to affect: 51%)
The komodo dragon looks drowsy...
The cane toad croaks.
The helpless komodo dragon fails to defend itself.
You spit the komodo dragon like a pig!!!!!
You kill the komodo dragon!
Your Hexes skill increases to level 13!
You have reached level 10!
You feel clever.
Casting: Ensorcelled Hibernation (safe; 1% risk of failure)
Confirm with . or Enter, or press ? or * to list all spells.
Aiming: Ensorcelled Hibernation (safe; 1% risk of failure)
Press: ? - help, Shift-Dir - straight line, f - basilisk
Aim: a basilisk (chance to affect: 71%)
The basilisk looks drowsy...
A wolf comes into view.
Things that are here:
a komodo dragon corpse; a water moccasin corpse The helpless basilisk fails to defend itself.
You perforate the basilisk like a sieve!!!!!
You kill the basilisk!
Your Ice Magic skill increases to level 7!
Casting: Ensorcelled Hibernation (safe; 1% risk of failure)
Confirm with . or Enter, or press ? or * to list all spells.
Aiming: Ensorcelled Hibernation (safe; 1% risk of failure)
Press: ? - help, Shift-Dir - straight line, f - water moccasin
Aim: a water moccasin (chance to affect: 71%)
The water moccasin looks drowsy...
The catoblepas breathes a plume of calcifying dust at you.
The blast of calcifying dust hits the cane toad but does no damage.
The blast of calcifying dust hits the water moccasin.
The water moccasin hisses angrily.
The blast of calcifying dust hits you.
The cane toad is engulfed in calcifying dust.
The cane toad is moving more slowly.
The water moccasin is engulfed in calcifying dust.
The water moccasin is moving more slowly.
The water moccasin bites you.
Unknown command.
Are you sure you want to abandon this character and quit the game? (Confirm with "yes".)

▓▓▓▓▓▓▓▓▓▓▓▓▓▓▓▓▓▓▓▓▓▓▓▓
'.....([......§§@SF.YFh.
▓▓▓▓▓▓▓▓▓▓▓▓▓▓▓▓▓▓▓▓▓▓▓▓▓▓▓▓▓▓▓▓▓
.................................
▓▓▓▓▓▓▓▓▓▓▓▓▓▓▓▓▓▓▓▓▓▓▓▓▓▓▓▓▓▓▓▓▓
...)÷....'_______________________
▓▓▓▓▓▓▓▓▓▓▓▓▓▓▓▓▓▓▓▓▓▓▓▓▓▓▓▓▓▓▓▓▓


You could see a cane toad (petrifying) and a water moccasin (petrifying).

Vanquished Creatures
  A centaur warrior (D)
  A sea snake (shapeshifter) (D)
  An ugly thing (D)
  A deep elf pyromancer (D)
  A manticore (D)
  2 unseen horrors (D)
  A komodo dragon (D)
  A blink frog (D)
  A wraith (D)
  A yak (D)
  A basilisk (D)
  A water moccasin (D)
  A phantom (D)
  A kobold brigand (D)
  A necrophage (D)
  A wight (D)
  An orc priest (D)
  A jelly (D)
  An adder (D)
  An endoplasm (D)
  A hobgoblin (D)
  A frilled lizard (D)
  2 rats (D)
25 creatures vanquished.

Vanquished Creatures (others)
  A yak (D)
1 creature vanquished.

Grand Total: 26 creatures vanquished

Notes
Turn   | Place    | Note
-------+----------+-------------------------------------------
     0 | D        | hellse the Spriggan Enchanter began the quest for the Orb.
     0 | D        | Reached XP level 1. HP: 9/9 MP: 5/5
    53 | D        | Noticed an orc priest
    53 | D        | Noticed a necrophage
    53 | D        | Noticed a phantom
    53 | D        | Noticed a jelly
    59 | D        | Reached skill level 5 in Hexes
    59 | D        | Reached XP level 2. HP: 13/13 MP: 6/6
    62 | D        | Reached skill level 5 in Short Blades
    62 | D        | Reached XP level 3. HP: 16/16 MP: 8/8
    67 | D        | Killed a necrophage
    68 | D        | Reached XP level 4. HP: 21/21 MP: 9/9
    78 | D        | Killed a phantom
    79 | D        | Reached XP level 5. HP: 24/24 MP: 10/16
   115 | D        | Learned a level 2 spell: Ensorcelled Hibernation
   119 | D        | Learned a level 3 spell: Dazzling Flash
   121 | D        | Found a snail-covered altar of Cheibriados.
   121 | D        | Found a shadowy altar of Dithmenos.
   121 | D        | Found a white marble altar of Elyvilon.
   121 | D        | Found a blossoming altar of Fedhas.
   121 | D        | Found an opulent altar of Gozag.
   122 | D        | Found a hazy altar of Hepliaklqana.
   123 | D        | Found a viscous altar of Jiyva.
   124 | D        | Found an ancient bone altar of Kikubaaqudgha.
   125 | D        | Found a corrupted altar of Lugonu.
   130 | D        | Found a burning altar of Makhleb.
   131 | D        | Found a sparkling altar of Nemelex Xobeh.
   132 | D        | Found an iron altar of Okawaru.
   133 | D        | Found a stormy altar of Qazlal.
   134 | D        | Found a sacrificial altar of Ru.
   135 | D        | Found a shimmering blue altar of Sif Muna.
   136 | D        | Found a bloodstained altar of Trog.
   137 | D        | Found a hide-covered altar of Uskayaw.
   138 | D        | Found a radiant altar of Vehumet.
   139 | D        | Found an ornate altar of the Wu Jian Council.
   140 | D        | Found a shimmering altar of Xom.
   141 | D        | Found a basalt altar of Yredelemnul.
   142 | D        | Found a glowing silver altar of Zin.
   143 | D        | Found a glowing golden altar of the Shining One.
   177 | D        | Noticed an unseen horror
   177 | D        | Noticed a yak
   177 | D        | Noticed a wraith
   177 | D        | Noticed a yak
   182 | D        | Killed an unseen horror
   183 | D        | Reached skill level 14 in Stealth
   183 | D        | Reached XP level 6. HP: 30/30 MP: 16/19
   183 | D        | Reached XP level 7. HP: 35/35 MP: 16/20
   184 | D        | Killed a yak
   185 | D        | Reached skill level 16 in Stealth
   193 | D        | Killed a yak
   194 | D        | Reached skill level 17 in Stealth
   303 | D        | Learned a level 3 spell: Confusing Touch
   439 | D        | Killed a wraith
   440 | D        | Reached skill level 18 in Stealth
   603 | D        | Noticed a deep elf pyromancer
   603 | D        | Noticed a manticore
   603 | D        | Noticed a purple ugly thing
   603 | D        | Noticed a centaur warrior
   603 | D        | Noticed a yak
   603 | D        | Noticed an unseen horror
   607 | D        | Killed a deep elf pyromancer
   608 | D        | Reached XP level 8. HP: 42/42 MP: 19/22
   610 | D        | a yak changed into a jumping spider
   610 | D        | Noticed a jumping spider (shapeshifter)
   611 | D        | HP: 2/42 [manticore (10)]
   763 | D        | Killed a manticore
   764 | D        | Reached skill level 10 in Short Blades
   767 | D        | Noticed a manticore
   769 | D        | Killed a purple ugly thing
   770 | D        | Reached XP level 9. HP: 35/50 MP: 13/23
   773 | D        | Killed a centaur warrior
   774 | D        | Reached skill level 10 in Hexes
   860 | D        | Noticed a sea snake
   865 | D        | Killed a sea snake
   866 | D        | Reached skill level 5 in Ice Magic
   867 | D        | Killed an unseen horror
   994 | D        | Noticed a komodo dragon
   994 | D        | Noticed a cane toad
   995 | D        | Noticed a cane toad
   997 | D        | Noticed a catoblepas
  1000 | D        | Killed a komodo dragon
  1001 | D        | Reached XP level 10. HP: 55/55 MP: 21/24
  1005 | D        | Quit the game

Illustrated notes

Levels and vault maps discovered:
D:        linesprint [early_d, line_temple, items_1, d_10, items_2, lair_1,
          lair_end, items_3, orc_1, orc_end, items_4, d_15, swamp_1, shoals_1,
          snake_1, spider_1, d_20, vaults_1, items_5, swamp_end, shoals_end,
          snake_end, spider_end, vaults_end, d_27, items_6, zot_1, zot_end,
          crypt_end, forest_end, elf_end, slime_end, tomb_end, abyss_end,
          pan_hell_end]

Skill      XL: |  1  2  3  4  5  6  7  8  9 10 |
---------------+-------------------------------+-----
Short Blades   | 3 5 7 9 11 | 11.7
Hexes          | 5 6 8 13 | 13.2
Spellcasting   | 7 9 |  9.0
Fighting       | 2 4 7 |  7.1
Stealth        | 14 18 | 18.8
Ice Magic      | 6 7 |  7.1
Dodging        | |  2.6

Action                   |  1- 3 |  4- 6 |  7- 9 | 10-12 || total
-------------------------+-------+-------+-------+-------++-------
Melee: Dagger            |    29 |    17 |    58 |     1 ||   105
       Punch             |       |       |     1 |       ||     1
 Cast: Ensorcelled Hiber |       |     1 |    17 |     2 ||    20
       Confusing Touch   |       |       |     1 |       ||     1
Evoke: Wand              |       |       |     3 |       ||     3
  Use: Potion            |     1 |       |       |       ||     1
       Scroll            |       |       |     1 |       ||     1
 Stab: Sleeping          |       |     2 |    10 |     1 ||    13
       Invisible         |       |       |     1 |       ||     1
       Distracted        |       |       |     2 |       ||     2
Armor: Robe              |       |       |     8 |       ||     8
Dodge: Dodged            |    15 |     9 |    19 |       ||    43

Table legend: (Time is in decaauts)
 A = Elapsed time spent in this place.
 B = Non-inter-level travel time spent in this place.
 C = Inter-level travel time spent in this place.
 D = Time resting spent in this place.
 E = Time spent auto-exploring this place.
 F = Levels seen in this place.
 G = Mean time per level.
                   A        B        C        D        E       F      G
               +--------+--------+--------+--------+--------+-----+--------+
         Total |    873 |    873 |      0 |    525 |     55 |   1 |  873.0 |
       Dungeon |    873 |    873 |      0 |    525 |     55 |   1 |  873.0 |
               +--------+--------+--------+--------+--------+-----+--------+

Top non-repeatable levels by time:
       D: 873 daAuts
